 Dungeon Crawl Stone Soup version 0.18.1-2-ga659475 (webtiles) character file.

109 imoen the Skirmisher (level 4, -1/42 HPs)
             Began as a Hill Orc Monk on May 8, 2016.
             Slain by a worker ant (3 damage)
             ... on level 4 of the Dungeon.
             The game lasted 00:05:01 (2941 turns).

imoen the Skirmisher (Hill Orc Monk)                Turns: 2941, Time: 00:05:02

Health: -1/42      AC:  5    Str: 14    XL:     4   Next: 90%
Magic:  4/4        EV: 12    Int: 10    God:
Gold:   133        SH:  0    Dex: 13    Spells: 0 memorised, 3 levels left

rFire  . . .     SeeInvis .     o - +0 hand axe
rCold  . . .     Gourm    .     f - +0 leather armour
rNeg   . . .     Faith    .     (no shield)
rPois  .         Spirit   .     (no helmet)
rElec  .         Dismiss  .     (no cloak)
rCorr  +         Reflect  .     r - +0 pair of gloves (curse)
SustAt .         Harm     .     g - +0 pair of boots
MR     .....                    (no amulet)
Stlth  ++........               (no ring)
                                d - ring of resist corrosion

@: lethally poisoned (-1 -> -4), not resistant to hostile enchantments,
unstealthy
A: no striking features
a: no special abilities


You were on level 4 of the Dungeon.
You were hungry.

You visited 1 branch of the dungeon, and saw 4 of its levels.

You collected 133 gold pieces.

Inventory:

Hand Weapons
 c - a +0 whip
   (You took it off a kobold on level 1 of the Dungeon)
 j - a +0 mace
   (You found it on level 1 of the Dungeon)
 o - a +0 hand axe (weapon)
   (You found it on level 3 of the Dungeon)
Armour
 a - a +0 robe
 f - a +0 leather armour (worn)
   (You found it on level 1 of the Dungeon)
 g - a +0 pair of boots (worn)
   (You found it on level 1 of the Dungeon)
 r - a cursed +0 pair of gloves (worn)
   (You found it on level 3 of the Dungeon)
Jewellery
 d - a ring of resist corrosion (left hand)
   (You found it on level 1 of the Dungeon)
 h - an uncursed ring of ice
   (You took it off a kobold on level 1 of the Dungeon)
 s - an uncursed ring of poison resistance {unknown}
   (You found it on level 3 of the Dungeon)
Wands
 v - a wand of digging (9/24)
   (You found it on level 4 of the Dungeon)
Scrolls
 e - a scroll of remove curse {unknown}
 n - a scroll of recharging {unknown}
 p - 2 scrolls of fog {unknown}
 q - a scroll of identify {unknown}
Potions
 k - a potion of brilliance {unknown}
 m - a potion of lignification {unknown}
 t - a potion of mutation {unknown}
 u - a potion of heal wounds {unknown}
 w - a potion of cure mutation {unknown}
 x - a potion of flight {unknown}
Comestibles
 b - 2 bread rations
 i - 2 beef jerkies
 l - 3 meat rations


   Skills:
 - Level 5.2 Fighting
 + Level 3.1 Axes
 - Level 2.5 Dodging
 - Level 2.0 Stealth
 - Level 4.3 Unarmed Combat


You had 3 spell levels left.
You didn't know any spells.

Dungeon Overview and Level Annotations

Branches:
Dungeon (4/15)
 Temple: D:4-7

Altars:
Okawaru
Qazlal

Annotations:
D:3 Terence
D:4 oplop's ghost, amateur VSEn


Message History

w - a puce potion Health restored: 42 Unknown command.
You see here a spear.
You now have 133 gold pieces (gained 5).
There is a stone staircase leading down here.
A quokka comes into view.
A quokka is nearby!
A quokka is nearby!
Unknown command.
The helpless quokka fails to defend itself.
You hit the quokka. The quokka closely misses you.
Unknown command.
The quokka closely misses you. x2
You hit the quokka but do no damage. The quokka misses you.
You closely miss the quokka. The quokka misses you.
You hit the quokka.
You kill the quokka!
You are feeling hungry.
Key pressed, stopping explore.
No target in view!
x - a cyan potion You see here 33 stones.
A worker ant comes into view.
The helpless worker ant fails to defend itself.
You hit the worker ant but do no damage.
The worker ant bites you but does no damage.
The worker ant completely misses you.
You closely miss the worker ant.
You punch the worker ant, but do no damage.
The worker ant bites you.
You are poisoned.
The worker ant poisons you!
You take 2 damage, and have 40/42 hp.
You barely miss the worker ant.
You feel sick. The worker ant misses you.
You take 1 damage, and have 39/42 hp.
You closely miss the worker ant.
You feel sick. The worker ant completely misses you.
The worker ant closely misses you.
You take 1 damage, and have 38/42 hp.
You hit the worker ant.
You feel sick. The worker ant misses you.
You take 1 damage, and have 37/42 hp.
You hit the worker ant.
You feel sick. The worker ant misses you. The worker ant completely misses you.
You closely miss the worker ant.
You feel sick. The worker ant barely misses you.
You take 1 damage, and have 36/42 hp.
You hit the worker ant. The worker ant bites you.
The worker ant barely misses you.
You take 2 damage, and have 34/42 hp.
You hit the worker ant.
You feel sick. The worker ant closely misses you.
You take 1 damage, and have 33/42 hp.
You hit the worker ant. The worker ant bites you.
You are more poisoned.
The worker ant poisons you!
You take 1 damage, and have 32/42 hp.
You hit the worker ant.
You feel sick. The worker ant barely misses you. x2
You take 2 damage, and have 30/42 hp.
You hit the worker ant but do no damage.
You feel sick. The worker ant misses you.
You hit the worker ant but do no damage.
You feel sick. The worker ant barely misses you.
The worker ant closely misses you.
You take 1 damage, and have 29/42 hp.
You hit the worker ant but do no damage.
You feel sick. The worker ant bites you.
* * * LOW HITPOINT WARNING * * *
You take 5 damage, and have 24/42 hp.
You closely miss the worker ant.
You feel sick. The worker ant closely misses you.
You take 1 damage, and have 23/42 hp.
You hit the worker ant but do no damage.
You feel sick. The worker ant barely misses you. x2
You take 1 damage, and have 22/42 hp.
Unknown command.
You hit the worker ant but do no damage.
You feel sick. The worker ant barely misses you.
You take 1 damage, and have 21/42 hp.
You closely miss the worker ant. The worker ant bites you!
* * * LOW HITPOINT WARNING * * *
The worker ant bites you.
* * * LOW HITPOINT WARNING * * *
You take 13 damage, and have 8/42 hp.
MASSIVE DAMAGE!!
Unknown command.
Unknown command.
You closely miss the worker ant.
You feel sick. The worker ant barely misses you.
Unknown command.
You hit the worker ant but do no damage.
You feel sick.
The worker ant bites you but does no damage.
You take 1 damage, and have 7/42 hp.
Unknown command.
You hit the worker ant. The worker ant completely misses you.
Unknown command.
You hit the worker ant but do no damage.
You feel sick. The worker ant bites you.
* * * LOW HITPOINT WARNING * * *
The worker ant bites you.
You die...

#..#####....#
##...# #...#
. ##..# .#
#..# .#
#..####..#
##.#....#
##....#
#@...# #.a..#
....## ...###
....# ....##
....# .....


You could see a worker ant.

Vanquished Creatures
  A hound (D:3)
  3 adders
  3 dart slugs
  A giant gecko (D:1)
  9 bats
  4 giant cockroaches
  4 hobgoblins
  2 jackals (D:3)
  A quokka (D:4)
  A ball python zombie (D:2)
  A giant newt (D:1)
  7 goblins (D:1)
  4 kobolds
  5 rats
46 creatures vanquished.

Notes
Turn   | Place    | Note
--------------------------------------------------------------
     0 | D:1      | imoen the Hill Orc Monk began the quest for the Orb.
     0 | D:1      | Reached XP level 1. HP: 19/19 MP: 1/1
   337 | D:1      | Reached skill level 2 in Stealth
   337 | D:1      | Reached XP level 2. HP: 23/27 MP: 2/2
   417 | D:1      | Reached skill level 4 in Fighting
   836 | D:1      | Reached XP level 3. HP: 34/34 MP: 3/3
  1480 | D:3      | Found an iron altar of Okawaru.
  1530 | D:3      | Reached skill level 5 in Fighting
  1860 | D:3      | Found a stormy altar of Qazlal.
  1900 | D:3      | Noticed Terence
  2067 | D:3      | Reached XP level 4. HP: 35/42 MP: 4/4
  2151 | D:4      | Noticed oplop's ghost (amateur VSEn)
  2159 | D:3      | Reached skill level 2 in Axes
  2656 | D:4      | Reached skill level 3 in Axes
  2937 | D:4      | HP: 8/42 [worker ant (6)]
  2941 | D:4      | HP: 2/42 [worker ant (4)]
  2941 | D:4      | Slain by a worker ant

Skill      XL: |  1  2  3  4 |
---------------+-------------+-----
Stealth        | 2 |  2.0
Fighting       | 4 5 |  5.2
Axes           | 3 |  3.1
Dodging        | |  2.5
Unarmed Combat | |  4.3

Action                   |  1- 3 |  4- 6 || total
-------------------------+-------+-------++-------
Melee: Unarmed           |   180 |       ||   180
       Punch             |     3 |     2 ||     5
       Hand axe          |    52 |    58 ||   110
 Stab: Sleeping          |     2 |     4 ||     6
  Eat: Chunk             |     4 |     2 ||     6
Armor: Robe              |    35 |       ||    35
       Leather armour    |    28 |    16 ||    44
Dodge: Dodged            |   130 |    48 ||   178

Vault maps used:
D:1:      dpeg_arrival_boxes_within_box, minmay_misc_feat_tiny,
          serial_bayou_pond_c
D:2:      serial_undead, serial_undead_c, serial_undead_e, serial_undead_c,
          serial_undead_c, hangedman_decor_peaks_small, uniq_sigmund
D:3:      grunt_temple_overflow_open, uniq_terence
D:4:      first_bread, okawaru_gym_becter

Table legend:
 A = Turns spent in this place as a percentage of turns spent in the entire game.
 B = Non-inter-level travel turns spent in this place as a percentage of non-inter-level travel turns spent in the entire game.
 C = Inter-level travel turns spent in this place as a percentage of turns spent in this place.
 D = Turns resting spent in this place as a percentage of non-inter-level travel turns spent in this place.
 E = Turns spent auto-exploring this place as a percentage of non-inter-level travel turns spent in this place.
 F = Non-inter-level travel turns spent in this place divided by the number of levels of this place that you've seen.
                   A       B       C       D       E      F
               +-------+-------+-------+-------+-------+----------------------
         Total | 100.0 | 100.0 |   0.5 |   1.1 |   5.5 | 269.5
       Dungeon | 100.0 | 100.0 |   0.5 |   1.1 |   5.5 | 269.5
               +-------+-------+-------+-------+-------+----------------------

Table legend:
 A = Kills in this place as a percentage of kills in entire the game.
 B = Kills by you in this place as a percentage of kills by you in the entire game.
 C = Kills by friends in this place as a percentage of kills by friends in the entire game.
 D = Other kills in this place as a percentage of other kills in the entire game.
 E = Experience gained in this place as a percentage of experience gained in the entire game.
 F = Experience gained in this place divided by the number of levels of this place that you have seen.
                   A       B       C       D       E      F
               +-------+-------+-------+-------+-------+----------------------
         Total | 100.0 | 100.0 |  -nan |  -nan | 100.0 |  39.2
       Dungeon | 100.0 | 100.0 |  -nan |  -nan | 100.0 |  39.2
               +-------+-------+-------+-------+-------+----------------------
